 Dungeon Crawl Stone Soup version 0.21.0 (webtiles) character file.

8263 Monsterracer the Cleaver (level 11, -6/101 HPs)
             Began as a Minotaur Berserker on Jan 5, 2018.
             Was a High Priest of Trog.
             Killed from afar by an electric eel (9 damage)
             ... with a bolt of electricity
             ... on level 10 of the Dungeon.
             The game lasted 00:07:42 (9480 turns).

Monsterracer the Cleaver (Minotaur Berserker)       Turns: 9480, Time: 00:07:43

Health: -6/101     AC: 19    Str: 24    XL:     11   Next: 7%
Magic:  10/10      EV:  9    Int:  4    God:    Trog [*****.]
Gold:   381        SH:  0    Dex:  7    Spells: 10/10 levels left

rFire    . . .     SeeInvis .   w - +4 war axe (venom)
rCold    + . .     Gourm    .   (no shield)
rNeg     . . .     Faith    +   y - +0 plate armour
rPois    .         Spirit   .   (helmet restricted)
rElec    .         Reflect  .   (no cloak)
rCorr    .         Harm     .   s - +0 pair of gloves
MR       ++...                  p - +2 pair of boots
Stlth    ..........             l - amulet of faith
HPRegen  1.26/turn              i - -4 ring of dexterity (curse)
MPRegen  0.12/turn              u - ring of protection from cold

@: regenerating
A: retaliatory headbutt, horns 2
a: Berserk, Trog's Hand, Brothers in Arms, Burn Spellbooks, Renounce Religion


You were on level 10 of the Dungeon.
You worshipped Trog.
Trog was extremely pleased with you.
You were hungry.

You visited 1 branch of the dungeon, and saw 10 of its levels.

You collected 381 gold pieces.

Inventory:

Hand Weapons
 a - a +0 battleaxe
 b - a +0 morningstar
 w - a +4 war axe of venom (weapon)
Armour
 p - a +2 pair of boots (worn)
 s - a +0 pair of gloves (worn)
 y - a +0 plate armour (worn)
Jewellery
 i - a cursed -4 ring of dexterity (left hand)
 l - an amulet of faith (around neck)
 u - a ring of protection from cold (right hand)
Wands
 o - a wand of iceblast (26)
 t - a wand of flame (13)
Scrolls
 f - 2 scrolls of remove curse
 j - 8 scrolls of teleportation
 q - 2 scrolls of identify
 v - a scroll of enchant weapon
Potions
 d - 2 potions of ambrosia
 e - a potion of lignification
 g - 3 potions of degeneration
 h - 9 potions of curing
 k - 4 potions of mutation
 n - 2 potions of heal wounds
 r - 4 potions of flight
Books
 x - a book of Misfortune

   Spells                             Type                      Level
   a - Confusing Touch                Hexes                        1
   b - Confuse                        Hexes                        3
   c - Gell's Gravitas                Translocation                3
   d - Petrify                        Transmutation/Earth          4
   e - Metabolic Englaciation         Hexes/Ice                    5
   f - Yara's Violent Unravelling     Hexes/Transmutation          5
   Trog disapproves of the use of such an item.
Comestibles
 c - 18 rations


   Skills:
 + Level 10.6 Fighting
 * Level 13.9 Axes
 + Level 10.2 Armour
 - Level 4.9 Dodging


You had 10 spell levels left.
You didn't know any spells.

Dungeon Overview and Level Annotations

Branches:
Dungeon (10/15)
 Temple: D:4-7         Lair: D:8-11         Orc: D:9-12

Altars:
Dithmenos
Elyvilon
Hepliaklqana
Nemelex Xobeh
Qazlal
Uskayaw
Vehumet
Xom

Shops:
D:4 :   D:8 :


Innate Abilities, Weirdness & Mutations

You reflexively headbutt those who attack you in melee.
You have a pair of horns on your head.


Message History

Things that are here:
an electric eel skeleton; an electric eel corpse You start resting.
Eating one of 3 chunks of flesh.
You eat one of the 3 chunks of flesh.
This raw flesh tastes terrible.
You feel sick. x3
You are no longer poisoned.
You take 1 damage, and have 29/101 hp.
Eating one of 2 chunks of flesh.
You eat one of the 2 chunks of flesh.
This raw flesh tastes terrible.
Key pressed, stopping explore.
Key pressed, stopping explore.
No target in view!
You regained 33 hp, and now have 62/101 hp.
Key pressed, stopping explore.
No target in view!
You regained 12 hp, and now have 74/101 hp.
No target in view!
Key pressed, stopping explore.
No target in view!
You regained 4 hp, and now have 78/101 hp.
Key pressed, stopping explore.
No target in view!
You regained 2 hp, and now have 80/101 hp.
No target in view!
All of the chunks of flesh in your inventory have rotted away.
Key pressed, stopping explore.
No target in view!
You regained 13 hp, and now have 93/101 hp.
HP restored.
Key pressed, stopping explore.
No target in view!
Health restored: 101 An electric eel comes into view.
An electric eel is nearby!
An electric eel comes into view.
There are monsters nearby!
You closely miss the electric eel. Your headbutt misses the electric eel.
The electric eel shoots out a bolt of lightning at you!
The bolt of electricity hits you! x2
The bolt of electricity hits the electric eel.
The electric eel completely resists.
You take 10 damage, and have 91/101 hp.
You slash the electric eel!
You kill the electric eel!
Trog accepts your kill.
No target in view!
No target in view!
No target in view!
No target in view!
You enter the shallow water.
Moving in this stuff is going to be slow.
The electric eel shoots out a bolt of lightning at you!
The bolt of electricity hits you!
The electric eel shoots out a bolt of lightning at you!
The bolt of electricity misses you.
You take 6 damage, and have 86/101 hp.
An electric eel comes into view.
The electric eel shoots out a bolt of lightning at you!
The bolt of electricity hits you!
The electric eel shoots out a bolt of lightning at you!
The bolt of electricity hits you!
You miss the electric eel. Your headbutt misses the electric eel.
You slash the electric eel!
The electric eel is poisoned.
Your headbutt misses the electric eel.
The electric eel is severely wounded.
The electric eel shoots out a bolt of lightning at you!
The bolt of electricity hits you!
You slash the electric eel!
You kill the electric eel!
Trog accepts your kill.
You take 24 damage, and have 62/101 hp.
MASSIVE DAMAGE!!
No reachable target in view!
No reachable target in view!
The electric eel shoots out a bolt of lightning at you!
The bolt of electricity hits you! x2
You take 13 damage, and have 49/101 hp.
The electric eel shoots out a bolt of lightning at you!
The bolt of electricity hits you! x2
The electric eel shoots out a bolt of lightning at you!
The bolt of electricity hits you! x2
You take 10 damage, and have 40/101 hp.
The electric eel shoots out a bolt of lightning at you!
The bolt of electricity hits you! x2
The electric eel shoots out a bolt of lightning at you!
The bolt of electricity hits you!
* * * LOW HITPOINT WARNING * * *
The bolt of electricity hits you!
* * * LOW HITPOINT WARNING * * *
The electric eel shoots out a bolt of lightning at you!
The bolt of electricity hits you!
* * * LOW HITPOINT WARNING * * *
The bolt of electricity hits you!
* * * LOW HITPOINT WARNING * * *
You take 38 damage, and have 2/101 hp.
MASSIVE DAMAGE!!
Your skin crawls.
You feel resistant to hostile enchantments.
You are feeling hungry.
The electric eel shoots out a bolt of lightning at you!
The bolt of electricity hits you!
You die...

#### # ###########..##
#####...#..##..##.##
.#....##.#.#.#####.###
...##....#...#?...#....#
##..##..#.####.##..###...#
.###..####.#..#..##..# ##
...#.#....≈≈...#.≈≈≈.#
≈≈≈≈≈.≈≈≈≈.≈≈≈≈≈@≈≈≈≈#
≈≈≈≈≈.≈≈≈≈≈≈≈≈≈≈.≈≈≈≈≈≈≈
≈≈≈≈≈ ≈≈≈≈≈≈≈≈≈≈≈≈≈≈≈≈≈≈
≈#≈≈≈ ≈≈≈≈≈≈≈≈≈≈≈≈≈;≈≈≈≈
≈≈≈≈ ≈≈.≈≈≈≈≈≈≈≈≈≈≈≈≈≈≈ ≈≈
≈≈≈≈≈≈≈≈≈≈≈≈≈≈≈≈## ≈≈
≈≈≈≈≈≈≈≈≈≈≈≈≈≈≈≈≈≈ ≈
≈≈≈≈≈≈≈≈≈≈≈≈≈≈≈≈


You could see an electric eel.

Vanquished Creatures
  Erolcha (D:10)
  A two-headed ogre (D:9)
  2 rust devils (D:9)
  A troll (D:9)
  2 hippogriffs
  A spriggan (D:7)
  6 yaks (D:9)
  A hungry ghost (D:7)
  Eustachio (D:5)
  A steam dragon (D:9)
  A water moccasin (D:10)
  2 ice beasts
  4 orc warriors
  A black bear (D:9)
  2 phantoms
  4 ogres
  2 sky beasts
  3 centaurs
  A big kobold (D:7)
  4 bullfrogs
  A scorpion (D:8)
  A wyvern skeleton (D:10)
  A water moccasin skeleton (D:8)
  6 killer bees
  8 wights
  6 electric eels (D:10)
  6 crimson imps
  A bullfrog zombie (D:6)
  A quasit (D:7)
  3 hounds
  2 iguanas
  6 orc priests
  9 orc wizards
  A centaur skeleton (D:3)
  6 worker ants
  A hound zombie (D:7)
  A worker ant zombie (D:5)
  8 adders
  3 oozes
  An adder zombie (D:8)
  2 adder skeletons
  3 worms
  A dart slug (D:2)
  4 leopard geckos
  26 orcs
  3 ball pythons
  6 giant cockroaches
  11 goblins
  3 hobgoblins
  6 jackals
  9 kobolds
  4 quokkas
  8 bats
  6 frilled lizards
  A jackal skeleton (D:4)
  A jackal zombie (D:9)
  A quokka zombie (D:7)
  7 rats
215 creatures vanquished.

Vanquished Creatures (collateral kills)
  2 electric eels (D:10)
  A hound (D:10)
3 creatures vanquished.

Grand Total: 218 creatures vanquished

Notes
Turn   | Place    | Note
-------+----------+-------------------------------------------
     0 | D:1      | Monsterracer the Minotaur Berserker began the quest for the Orb.
     0 | D:1      | Reached XP level 1. HP: 19/19 MP: 0/0
   330 | D:1      | Reached skill level 4 in Axes
   330 | D:1      | Reached XP level 2. HP: 25/27 MP: 1/1
   421 | D:1      | Found a sparkling altar of Nemelex Xobeh.
   808 | D:2      | Reached XP level 3. HP: 33/33 MP: 2/2
  1278 | D:2      | Found a hide-covered altar of Uskayaw.
  1285 | D:2      | Reached ** piety under Trog
  1324 | D:2      | Found a white marble altar of Elyvilon.
  1363 | D:2      | Reached XP level 4. HP: 40/40 MP: 3/3
  1774 | D:3      | Reached skill level 5 in Axes
  2010 | D:3      | Reached *** piety under Trog
  2011 | D:3      | Reached XP level 5. HP: 40/47 MP: 4/4
  2677 | D:4      | Reached XP level 6. HP: 55/55 MP: 5/5
  2683 | D:4      | Reached skill level 5 in Fighting
  2683 | D:4      | Reached skill level 6 in Axes
  2727 | D:4      | Found Zochesoe's Book Boutique.
  3349 | D:5      | Entered Level 5 of the Dungeon
  3360 | D:5      | Reached **** piety under Trog
  3363 | D:5      | Reached XP level 7. HP: 59/61 MP: 6/6
  3629 | D:5      | Reached skill level 7 in Axes
  3746 | D:5      | Found a shimmering altar of Xom.
  3813 | D:5      | Noticed Eustachio
  3821 | D:5      | Reached skill level 5 in Armour
  3860 | D:5      | Killed Eustachio
  4136 | D:5      | Reached XP level 8. HP: 65/70 MP: 7/7
  4251 | D:6      | Reached skill level 8 in Axes
  5034 | D:6      | Reached skill level 9 in Axes
  5295 | D:7      | Reached ***** piety under Trog
  5442 | D:7      | Reached skill level 10 in Axes
  5442 | D:7      | Reached XP level 9. HP: 79/79 MP: 8/8
  5923 | D:7      | Found a stormy altar of Qazlal.
  6014 | D:7      | Identified a scroll of acquirement
  6284 | D:8      | Found Henac's Book Emporium.
  6383 | D:8      | Reached skill level 11 in Axes
  6775 | D:8      | Found a hazy altar of Hepliaklqana.
  6968 | D:9      | Found a shadowy altar of Dithmenos.
  7177 | D:9      | Noticed a two-headed ogre
  7178 | D:9      | Noticed a troll
  7183 | D:9      | Killed a two-headed ogre
  7183 | D:9      | Reached skill level 12 in Axes
  7183 | D:9      | Reached XP level 10. HP: 91/91 MP: 9/9
  7563 | D:9      | Found a radiant altar of Vehumet.
  7976 | D:9      | Reached skill level 13 in Axes
  8259 | D:9      | Reached skill level 10 in Fighting
  8345 | D:10     | Entered Level 10 of the Dungeon
  8446 | D:9      | Noticed a rust devil
  8446 | D:9      | Noticed a rust devil
  8456 | D:9      | Killed a rust devil
  8459 | D:9      | Killed a rust devil
  8459 | D:9      | Reached skill level 10 in Armour
  9060 | D:10     | Noticed Erolcha
  9067 | D:10     | Killed Erolcha
  9067 | D:10     | Reached XP level 11. HP: 101/101 MP: 10/10
  9479 | D:10     | HP: 2/101 [electric eel/bolt of electricity (11)]
  9480 | D:10     | Killed from afar by an electric eel

Skill      XL: |  1  2  3  4  5  6  7  8  9 10 |
---------------+-------------------------------+-----
Axes           | 4 5 6 7 10 12 13 | 13.9
Fighting       | 4 5 6 7 9 10 | 10.6
Armour         | 3 4 5 6 8 10 | 10.2
Dodging        | 3 4 |  4.9

Action                   |  1- 3 |  4- 6 |  7- 9 | 10-12 || total
-------------------------+-------+-------+-------+-------++-------
Melee: Hand axe          |    78 |   119 |       |       ||   197
       Headbutt          |    11 |    17 |    34 |    18 ||    80
       War axe           |       |    14 |   209 |   120 ||   343
       Battleaxe         |       |       |    31 |       ||    31
Invok: Berserk           |     1 |     3 |     5 |     4 ||    13
       Burn Spellbooks   |       |     1 |     1 |       ||     2
       Brothers in Arms  |       |       |       |     1 ||     1
       Trog's Hand       |       |       |       |     1 ||     1
  Use: Scroll            |       |    12 |     4 |       ||    16
  Eat: Chunk             |     2 |    10 |    10 |    12 ||    34
       Ration            |       |       |     2 |       ||     2
Armor: Animal skin       |     4 |       |       |       ||     4
       Chain mail        |    16 |    52 |   152 |    39 ||   259
       Ring mail         |     9 |       |       |       ||     9
       Plate armour      |       |       |       |    11 ||    11
Dodge: Dodged            |    44 |    58 |   140 |    56 ||   298

Vault maps used:
D:1:      minmay_arrival_checkered_box, nemelex_xobeh_ov_fountains_minmay
D:2:      lemuel_crystal_altar, elyvilon_altar_3
D:3:      kennysheep_generic_room_14
D:4:      serial_shops, shop, minivault_25
D:5:      led_xom_imps, minmay_temple_entry_from_below_a, first_ration,
          uniq_eustachio
D:7:      the_bakery, grunt_qazlal_clouds
D:8:      kennysheep_mini, serial_shops, nicolae_shop_behind_doors
D:9:      cheibrodos_iron_armory, kennysheep_mini_moat,
          overflow_temple_1_default, nicolae_overflow_hidden_temple
D:10:     erik_rubicon_b, serial_shops, shop, uniq_erolcha, uniq_harold
